 Dungeon Crawl Stone Soup version bcrawl-1.21.2-28-g2cb1824106 (webtiles) character file.

Game seed: 10079863113225714239

1425 MisterOstroum the Vexing (level 8, -12/52 HPs)
             Began as a Fairy Enchanter on Mar 10, 2020.
             Was a Follower of Sif Muna.
             Killed from afar by an adder (24 damage)
             ... with an exploding inner flame
             ... hexed by the player character
             ... on level 6 of the Dungeon.
             The game lasted 00:18:03 (7404 turns).

MisterOstroum the Vexing (Fairy Enchanter)          Turns: 7404, Time: 00:18:03

Health: -12/52     AC:  5    Str:  6    XL:     8   Next: 72%
Magic:  0/14       EV: 16    Int: 22    God:    Sif Muna [*.....]
Gold:   238        SH:  5    Dex: 12    Spells: 3/12 levels left

rFire    . . .     SeeInvis .   w - +2 dagger (venom)
rCold    . . .     Gourm    .   (shield restricted)
rNeg     . . .     Faith    .   (armour unavailable)
rPois    .         Spirit   +   (no helmet)
rElec    .         Reflect  .   b - scarf {Spirit}
rCorr    .         Harm     .   (no gloves)
MR       .....                  (no boots)
Stlth    +.........             (no amulet)
HPRegen  0.17/turn              (no ring)
MPRegen  0.14/turn              (no ring)

@: flying evasively, divine energy
A: small, magic attunement, unstealthy, unfitting armour, able to fly, AC/SH +5
a: Stop Flying, Stop Divine Energy, Renounce Religion


You were on level 6 of the Dungeon.
You worshipped Sif Muna.
Sif Muna was aware of your devotion.
You were not hungry.

You visited 2 branches of the dungeon, and saw 7 of its levels.
You also visited: Ossuary.

You collected 302 gold pieces.
You spent 64 gold pieces at shops.

Inventory:

Hand Weapons
 a - a +1 dagger
 m - a +0 rapier
 w - a +2 dagger of venom (weapon)
 x - a +0 hunting sling
Missiles
 g - 624 stones (quivered)
 j - 138 poisoned needles
 t - 606 arrows
 v - 488 bolts
 F - 128 sling bullets
Armour
 b - a scarf of spirit shield (worn)
 l - a +1 cloak of magic resistance
Scrolls
 c - 5 scrolls of fog {!r}
 i - a scroll of remove curse {@r2}
 k - 2 scrolls of blinking
 n - 2 scrolls of magic mapping
 p - 2 scrolls of noise {unknown}
 q - 2 scrolls of fear {!r}
 u - a scroll of enchant armour {unknown}
 y - a scroll of immolation
 A - a scroll of enchant weapon {unknown}
 D - a scroll of teleportation {unknown}
Potions
 d - a potion of invisibility
 f - 3 potions of agility
 h - 6 potions of curing {@q1 !q}
 o - a potion of heal wounds {unknown}
 r - 2 potions of resistance
 s - 2 potions of lignification {@q6}
 z - a potion of flight
 C - 2 potions of cancellation
 E - a potion of haste {@q4 !q}
Comestibles
 e - 9 rations {!d}


   Skills:
 + Level 3.2 Fighting
 * Level 4.9 Short Blades
 - Level 2.6 Dodging
 * Level 3.9 Stealth
 - Level 2.6 Spellcasting
 - Level 7.2 Hexes
 + Level 4.0 Ice Magic


You had 3 spell levels left.
You knew the following spells:

 Your Spells              Type           Power        Failure   Level  Hunger
a - Corona                Hex            #####..      1%          1    None
b - Ensorcelled Hibernat  Hex/Ice        ####..       1%          2    None
c - Confuse               Hex            #####...     1%          3    None
d - Tukima's Dance        Hex            #####...     1%          3    None

Your spell library contained the following spells:

 Spells                   Type           Power        Failure   Level  Hunger
 Dazzling Spray           Conj/Hex       ###...       9%          3    None


Dungeon Overview and Level Annotations

Branches:
Dungeon (6/12)             Temple (1/1) D:5

Altars:
Ashenzari
Cheibriados
Dithmenos
Elyvilon
Hepliaklqana
Kikubaaqudgha
Lugonu
Makhleb
Nemelex Xobeh
Okawaru
Ru
Sif Muna
Trog
Uskayaw
Vehumet
Wu Jian

Shops:
D:5 (

Annotations:
D:5 Edmund


Innate Abilities, Weirdness & Mutations

Your spells do not cause hunger and MP costs are reduced by 1.
Your bright wings attract enemies. (Stealth-)
You cannot fit into any form of body armour.
Your shimmering scales are hard and can block incoming attacks. (AC +5, SH +5)
You are small and have problems with some larger weapons.
You can fly continuously.


Message History

The orc throws a stone.
You block the stone.
There is an iron altar of Okawaru here.
An orc comes into view.
The orc throws a stone.
The stone misses you.
An orc comes into view. It is wielding a +0 mace.
The orc hits you with a +0 club.
You hit the orc.
The orc is heavily wounded.
The orc barely misses you. The orc closely misses you.
You hit the orc but do no damage.
The orc is heavily wounded.
You barely miss the orc.
The orc is heavily wounded.
The orc hits you but does no damage. The orc misses you.
You hit the orc.
The orc is almost dead.
The orc closely misses you.
You barely miss the orc.
The orc is almost dead.
You hit the orc but do no damage.
The orc is poisoned.
The orc is almost dead.
The orc hits you with a +0 club. The orc barely misses you.
The orc hits you with a +0 mace.
Casting: Corona (safe; 1% risk of failure)
Confirm with . or Enter, or press ? or * to list all spells.
Aiming: Corona (safe; 1% risk of failure)
Press: ? - help, Shift-Dir - straight line, f - orc
Aim: an orc, wielding a +0 club and wearing a +0 leather armour (almost dead, poisoned, chance to defeat MR: 85%)
The orc is outlined in light.
The orc barely misses you. The orc misses you. The orc barely misses you.
You hit the orc but do no damage.
The orc looks more poisoned.
The orc is almost dead.
You kill the orc!
Sif Muna accepts your kill. The orc hits you but does no damage.
The orc hits you with a +0 club.
You hit the orc.
The orc is poisoned.
The orc is moderately wounded.
The orc closely misses you. The orc misses you.
You barely miss the orc.
The orc is moderately wounded.
The crimson imp shouts!
The orc barely misses you.
A bullfrog zombie comes into view.
The crimson imp blinks!
The orc closely misses you. The orc hits you.
A gnoll comes into view. It is wielding a +0 club.
Casting: Corona (safe; 1% risk of failure)
Confirm with . or Enter, or press ? or * to list all spells.
Aiming: Corona (safe; 1% risk of failure)
Press: ? - help, Shift-Dir - straight line, f - orc
Aim: an orc (moderately wounded, poisoned, chance to defeat MR: 85%)
The orc is outlined in light.
The gnoll shouts!
You hear an angry hiss.
You hear a shout!
The orc misses you. The orc completely misses you.
An adder comes into view.
The orc hits you with a +0 mace.
You hit the orc but do no damage.
The orc is severely wounded.
You kill the orc!
Sif Muna accepts your kill. The orc hits you but does no damage.
You hit the orc.
The orc is poisoned.
The orc is lightly wounded.
The orc closely misses you.
A gnoll comes into view. It is wielding a +0 flail.
The orc throws a stone.
You block the stone.
Casting: Corona (safe; 1% risk of failure)
Confirm with . or Enter, or press ? or * to list all spells.
Aiming: Corona (safe; 1% risk of failure)
Press: ? - help, Shift-Dir - straight line, f - orc
Aim: an orc, wielding a +0 mace and wearing a +0 ring mail (heavily wounded, poisoned, chance to defeat MR: 85%)
The orc is outlined in light.
You hit the bullfrog zombie.
The bullfrog zombie is lightly damaged.
The bullfrog zombie hits you.
The crimson imp drinks a potion.
The crimson imp seems to speed up.
You hit the orc but do no damage.
The orc is heavily wounded.
The bullfrog zombie hits you. The orc barely misses you.
As you read the scroll labeled COCOPOL NAIMOP, it crumbles to dust.
The creatures around you are filled with an inner flame!
It was a scroll of immolation.
The bullfrog zombie closely misses you. The orc hits you with a +0 mace.
The orc barely misses you. The bullfrog zombie hits you.
Okay, then.
Unknown command.
The orc explodes!
The fiery explosion engulfs the bullfrog zombie!!
The bullfrog zombie is almost destroyed.
The fiery explosion engulfs the orc!!
The orc explodes!
The fiery explosion engulfs the bullfrog zombie!!!
The bullfrog zombie explodes!
Sif Muna accepts your kill.
Your Ice Magic skill increases to level 4!
The fiery explosion engulfs you!!
* * * LOW HITPOINT WARNING * * *
The fiery explosion engulfs the adder!!!
The adder explodes!
The fiery explosion engulfs you!!
You die...

....#
....#
...# ...
##g##
##§§g##
##§§§..##
#§§§§...#
#.@§§...#
#.§§....#
##.....##
##...##
#####


You could see 2 gnolls.

Vanquished Creatures
  Prince Ribbit (D:5)
  A sky beast (D:5)
  A centaur (D:4)
  2 ogres (D:5)
  A bullfrog (D:5)
  A big kobold (D:6)
  A scorpion (D:4)
  A howler monkey (D:3)
  A bullfrog zombie (D:6)
  2 crimson imps (D:6)
  A bullfrog skeleton (D:4)
  An orc priest (D:4)
  4 hounds (D:4)
  A jelly (D:6)
  An orc wizard (D:4)
  An iguana (D:5)
  2 worker ants
  A hound zombie (D:5)
  A hound skeleton (D:5)
  2 mummies
  A worker ant zombie (D:4)
  4 gnolls
  3 adders
  2 shadow imps
  An ooze (D:3)
  2 adder skeletons (D:4)
  3 worms
  A dart slug (D:2)
  8 leopard geckos
  12 orcs
  3 ball pythons
  3 giant cockroaches (D:1)
  2 gnoll zombies (Ossuary)
  6 hobgoblins
  3 jackals
  2 quokkas
  7 bats
  4 frilled lizards
  3 gnoll skeletons (Ossuary)
  7 goblins
  3 goblin skeletons (Ossuary)
  2 goblin zombies (Ossuary)
  2 hobgoblin skeletons (Ossuary)
  A hobgoblin zombie (Ossuary)
  A jackal skeleton (D:3)
  11 kobolds
  2 kobold skeletons (Ossuary)
  A kobold zombie (Ossuary)
  4 orc skeletons (Ossuary)
  3 orc zombies (Ossuary)
  4 rats
  2 rat skeletons (Ossuary)
  6 rat zombies (Ossuary)
146 creatures vanquished.

Vanquished Creatures (others)
  Menkaure (Ossuary)
  2 mummies (Ossuary)
  A goblin (D:2)
  A gnoll skeleton (Ossuary)
  2 goblin skeletons (Ossuary)
  2 hobgoblin skeletons (Ossuary)
  3 hobgoblin zombies (Ossuary)
  A kobold skeleton (Ossuary)
  A kobold zombie (Ossuary)
  3 orc skeletons (Ossuary)
  3 orc zombies (Ossuary)
  3 rat zombies (Ossuary)
23 creatures vanquished.

Grand Total: 169 creatures vanquished

Notes
Turn   | Place    | Note
-------+----------+-------------------------------------------
     0 | D:1      | MisterOstroum the Fairy Enchanter began the quest for the
                  | Orb.
     0 | D:1      | Reached XP level 1. HP: 11/11 MP: 6/6
   183 | D:1      | Reached XP level 2. HP: 18/18 MP: 7/7
   187 | D:1      | Learned a level 2 spell: Ensorcelled Hibernation
   727 | D:1      | Reached skill level 1 in Ice Magic
   924 | D:1      | Reached XP level 3. HP: 22/22 MP: 6/9
   976 | D:1      | Learned a level 3 spell: Confuse
  1217 | D:1      | Reached skill level 1 in Fighting
  1620 | D:2      | Found an ancient bone altar of Kikubaaqudgha.
  2472 | D:2      | Reached XP level 4. HP: 28/28 MP: 7/10
  3015 | D:3      | Reached XP level 5. HP: 32/33 MP: 9/11
  3950 | D:4      | Found a hide-covered altar of Uskayaw.
  4152 | D:4      | Reached XP level 6. HP: 36/39 MP: 7/12
  4235 | D:4      | Reached skill level 4 in Hexes
  4685 | D:4      | Reached XP level 7. HP: 29/45 MP: 3/13
  4937 | D:5      | Entered Level 5 of the Dungeon
  4964 | D:5      | Found a sand-covered staircase.
  4976 | D:5      | Learned a level 3 spell: Tukima's Dance
  4983 | Ossuary  | Entered an ossuary
  5376 | Ossuary  | Killed Menkaure
  5816 | D:5      | Found a staircase to the Ecumenical Temple.
  5822 | Temple   | Entered the Ecumenical Temple
  6024 | Temple   | Became a worshipper of Sif Muna the Loreminder
  6043 | D:5      | Noticed Edmund
  6078 | D:5      | Noticed Prince Ribbit
  6090 | D:5      | Killed Prince Ribbit
  6090 | D:5      | Reached skill level 5 in Hexes
  6090 | D:5      | Reached XP level 8. HP: 35/51 MP: 8/14
  6184 | D:5      | Found Kuohuif's Antique Weapon Emporium.
  6196 | D:5      | Bought a rapier for 64 gold pieces
  6296 | D:5      | Reached skill level 6 in Hexes
  6415 | D:5      | Reached * piety under Sif Muna
  7029 | D:5      | Reached skill level 7 in Hexes
  7370 | D:6      | Identified Tunoazu's Disquisition on Enthralling
                  | Conjuration (Sif Muna gifted it to you on level 6 of the
                  | Dungeon)
  7370 | D:6      | Received a gift from Sif Muna
  7380 | D:6      | Found an iron altar of Okawaru.
  7404 | D:6      | Killed from afar by an adder

Skill      XL: |  1  2  3  4  5  6  7  8 |
---------------+-------------------------+-----
Ice Magic      | 1 2 3 4 |  4.0
Fighting       | 1 2 3 |  3.2
Short Blades   | 2 3 4 |  4.9
Stealth        | 3 |  3.9
Hexes          | 4 5 7 |  7.2
Dodging        | |  2.6
Spellcasting   | |  2.6

Action                   |  1- 3 |  4- 6 |  7- 9 || total
-------------------------+-------+-------+-------++-------
Melee: Dagger            |   117 |   136 |   216 ||   469
       Rapier            |       |       |    21 ||    21
Throw: Stone             |     7 |    21 |    37 ||    65
 Cast: Corona            |    25 |    26 |    17 ||    68
       Ensorcelled Hiber |    39 |    38 |    28 ||   105
       Confuse           |     4 |    23 |    36 ||    63
Invok: Divine Energy     |       |       |     1 ||     1
  Use: Scroll            |       |     6 |     7 ||    13
 Stab: Sleeping          |    21 |    22 |    11 ||    54
       Confused          |       |     5 |    18 ||    23
  Eat: Chunk             |     5 |     5 |     4 ||    14
       Ration            |       |     1 |     1 ||     2
Armor: Skin              |    14 |    18 |    20 ||    52
Dodge: Dodged            |   105 |    81 |   166 ||   352
Block: Other             |    29 |    21 |    41 ||    91
